 Dungeon Crawl Stone Soup version 0.20.1-1-g8b1a95d (webtiles) character file.

389 JohnnyMnemonic the Gusty (level 6, -10/45 HPs)
             Began as a Draconian Air Elementalist on July 16, 2017.
             Mangled by an ogre
             ... wielding a +0 giant club
              (22 damage)
             ... on level 4 of the Dungeon.
             The game lasted 00:09:33 (5160 turns).

JohnnyMnemonic the Gusty (DrAE)                     Turns: 5160, Time: 00:09:34

Health: -10/45     AC:  6    Str: 11    XL:     6   Next: 50%
Magic:  7/12       EV: 12    Int: 17    God:
Gold:   141        SH:  0    Dex: 11    Spells: 6/13 levels left

rFire    . . .     SeeInvis .   k - +0 hand axe (venom)
rCold    . . .     Gourm    .   (no shield)
rNeg     . . .     Faith    .   (armour unavailable)
rPois    .         Spirit   .   (helmet restricted)
rElec    .         Reflect  .   (no cloak)
rCorr    .         Harm     .   (no gloves)
MR       .....                  (no boots)
Stlth    ++........             (no amulet)
Regen    0.2/turn               (no ring)
MPRegen  0.2/turn               (no ring)

@: no status effects
A: unfitting armour, cold-blooded, AC +6
a: no special abilities


You were on level 4 of the Dungeon.
You were not hungry.

You visited 1 branch of the dungeon, and saw 4 of its levels.

You collected 141 gold pieces.

Inventory:

Hand Weapons
 d - a +0 mace of crushing
 e - a +0 dagger of venom
 k - a +0 hand axe of venom (weapon)
Wands
 p - a wand of confusion (37/48)
Scrolls
 j - 3 scrolls of identify {unknown}
 l - 2 scrolls of magic mapping {unknown}
 o - a scroll of teleportation {unknown}
 r - a scroll of random uselessness {unknown}
Potions
 c - a potion of cancellation {unknown}
 m - a potion of flight
Books
 a - a book of Air

   Spells                             Type                      Level
   a - Shock                          Conjuration/Air              1
   b - Swiftness                      Charms/Air                   2
   c - Static Discharge               Conjuration/Air              3
   d - Airstrike                      Air                          4
   e - Lightning Bolt                 Conjuration/Air              5
Comestibles
 b - 4 bread rations
 g - a meat ration
 h - 2 royal jellies


   Skills:
 - Level 1.7 Dodging
 - Level 1.7 Stealth
 + Level 4.3 Spellcasting
 - Level 3.0 Conjurations
 - Level 1.0 Charms
 - Level 5.0 Air Magic


You had 6 spell levels left.
You knew the following spells:

 Your Spells              Type           Power        Failure   Level  Hunger
a - Shock                 Conj/Air       ###.         3%          1    None
b - Swiftness             Chrm/Air       ##......     7%          2    ##.....
c - Airstrike             Air            ###.......   19%         4    ####...


Dungeon Overview and Level Annotations

Branches:
Dungeon (4/15)
 Temple: D:4-7

Altars:
Yredelemnul

Annotations:
D:2 1 runed door


Innate Abilities, Weirdness & Mutations

Your plain brown scales are hard. (AC +6)
You cannot fit into any form of body armour.
You are cold-blooded and may be slowed by cold attacks.


Message History

The ogre is moderately wounded.
The ogre barely misses you.
Casting: Shock
Confirm with . or Enter, or press ? or * to list all spells.
Aiming: Shock
Press: ? - help, Shift-Dir - straight line, f/p - ogre
Aim: an ogre, wielding a giant club (moderately wounded)
The zap hits the ogre.
The ogre is moderately wounded.
You hit the ogre.
The ogre is poisoned.
The ogre is heavily wounded.
The ogre barely misses you.
You hit the ogre.
The ogre looks as sick as possible!
The ogre is heavily wounded.
The ogre hits you with a giant club!
* * * LOW HITPOINT WARNING * * *
You slash the ogre!
The ogre is severely wounded.
The ogre hits you with a giant club!!
You die...

#### ..# #######
## #.# #.....# [..
#.####.....# ..
#..........#
#.###.####.....###
#.....)..#.......#
#..#.)##.#######.#
#.
#).##...O@.##'## #
....##..#####...##
#.#.###..#
##⌠...⌠##
#.#......#
#.......#
.........#
#.<.⌠.<.#
#..######.#
#.......# . #..
##⌠.>.⌠## ####
##...## #####


You could see an ogre.

Vanquished Creatures
  A phantom (D:4)
  A howler monkey (D:4)
  An orc priest (D:4)
  An iguana (D:4)
  An orc wizard (D:3)
  6 adders
  A shadow imp (D:3)
  An ooze (D:3)
  2 dart slugs
  3 worms (D:3)
  3 leopard geckos
  13 orcs
  2 ball pythons
  7 bats
  5 giant cockroaches
  5 hobgoblins
  6 jackals (D:3)
  4 quokkas
  2 frilled lizards (D:2)
  6 goblins
  A jackal skeleton (D:2)
  8 kobolds
  A quokka skeleton (D:4)
  11 rats
92 creatures vanquished.

Notes
Turn   | Place    | Note
-------+----------+-------------------------------------------
     0 | D:1      | JohnnyMnemonic the Draconian Air Elementalist began the quest for the Orb.
     0 | D:1      | Reached XP level 1. HP: 14/14 MP: 3/3
   363 | D:1      | Reached XP level 2. HP: 19/20 MP: 5/5
   703 | D:2      | Found a runed door.
   703 | D:2      | Noticed a human
   712 | D:2      | Learned a level 2 spell: Swiftness
  1469 | D:2      | Reached XP level 3. HP: 26/26 MP: 6/6
  1538 | D:2      | Reached skill level 1 in Charms
  1777 | D:2      | Found a basalt altar of Yredelemnul.
  2364 | D:3      | Reached XP level 4. HP: 27/33 MP: 7/7
  3241 | D:3      | Reached skill level 4 in Air Magic
  3660 | D:3      | Reached XP level 5. HP: 18/38 MP: 0/8
  4379 | D:3      | Reached skill level 5 in Air Magic
  4388 | D:3      | Learned a level 4 spell: Airstrike
  4999 | D:4      | Noticed a phantom
  5046 | D:4      | Reached XP level 6. HP: 45/45 MP: 2/11
  5160 | D:4      | Mangled by an ogre

Skill      XL: |  1  2  3  4  5  6 |
---------------+-------------------+-----
Conjurations   | 2 3 |  3.0
Charms         | 1 |  1.0
Air Magic      | 4 5 |  5.0
Spellcasting   | 3 4 |  4.3
Dodging        | |  1.7
Stealth        | |  1.7

Action                   |  1- 3 |  4- 6 || total
-------------------------+-------+-------++-------
Melee: Mace              |    32 |       ||    32
       Tailslap          |     8 |    14 ||    22
       Dagger            |    78 |     6 ||    84
       Hand axe          |       |   157 ||   157
 Cast: Shock             |     9 |    50 ||    59
       Swiftness         |     1 |       ||     1
  Use: Potion            |     4 |     6 ||    10
 Stab: Sleeping          |     3 |     3 ||     6
  Eat: Chunk             |     5 |     9 ||    14
Armor: Skin              |    38 |    63 ||   101
Dodge: Dodged            |    91 |   105 ||   196
